AoeStats
← FC_M@sTer

Nomad

509810834Analyzed
3v3 RM · 5d ago on Sep 28, 2026· 16m 55s· 6 players
Game mode
Random Map
Map size
210×210
Population
200
Speed
Normal
Resources
Standard
Victory
Conquest
Starting age
Dark Age
Ending age
Imperial Age
RankedLock teamsTeams togetherTeam positionsShared explorationLock speedFull tech treeHidden civsTurbo modeCheats
Victory
Defeat
🇨🇴 Poles · Colombia
1401
+9
1235
+15
🇨🇴 Bulgarians · Colombia
1088
+20
🇵🇪 Turks · Peru
1293
-18
🇺🇸 Portuguese · United States
1215
-15
🇵🇪 Britons · Peru
1124
-32
GloatingRumble2
4:43 Loom
13:32 Feudal Age
18:01 Castle Age
16:13 Double-Bit Axe
Kyotto
7:08 Loom
16:27 Feudal Age
Ghost
7:10 Loom
17:57 Feudal Age
FC_M@sTer
4:55 Loom
13:41 Feudal Age
15:41 Fletching
FC_Satuplese
6:28 Loom
14:22 Feudal Age
16:05 Double-Bit Axe
FC_Proyecto_El_Conquistador_X
5:41 Loom
13:05 Feudal Age
13:50 Double-Bit Axe
Connection lost

Rejoining the realm…

Still unreachable

The connection could not be restored.

Session expired

The server has moved on; the page needs a fresh start.